 Dungeon Crawl Stone Soup version 0.29-a0-322-g68df515428 (webtiles) character file.

Game seed: 2327020868884844756

4 experimilk the Skirmisher (level 1, -4/19 HPs)
             Began as a Palentonga Abyssal Knight on Apr 5, 2022.
             Was a Believer of Lugonu.
             Slain by a gnoll
             ... wielding a +0 spear
              (5 damage)
             ... on level 1 of the Dungeon.
             The game lasted 00:00:37 (100 turns).

experimilk the Skirmisher (PaAK)                     Turns: 100, Time: 00:00:38

Health: -4/19      AC:  4    Str: 16    XL:     1   Next: 58%
Magic:  2/2        EV:  9    Int: 10    God:    Lugonu [**....]
Gold:   0          SH:  0    Dex: 10    Spells: 0/0 levels left

rFire   . . .      SeeInvis +   a - +1 hand axe
rCold   . . .      Faith    .   (no shield)
rNeg    . . .      Spirit   .   b - +0 leather armour
rPois   .          Reflect  .   (no helmet)
rElec   .          Harm     .   (no cloak)
rCorr   .          Rampage  .   (no gloves)
Will    .....                   (no barding)
Stlth   +.........              (no amulet)
HPRegen 0.06/turn               (no ring)
MPRegen 0.08/turn               (no ring)

@: no status effects
A: large, rugged brown scales 3, see invisible, deformed body, roll 1, armoured
tail
a: Rolling Charge, Renounce Religion, Depart the Abyss, Bend Space


You were on level 1 of the Dungeon.
You worshipped Lugonu.
Lugonu was pleased with you.
You visited 1 branch of the dungeon, and saw 1 of its levels.
You visited the Abyss 1 time.

Inventory:

Hand Weapons
 a - a +1 hand axe (weapon)
Armour
 b - a +0 leather armour (worn)
 c - a +0 chain mail


   Skills:
 - Level 3.0 Fighting
 + Level 2.4 Axes
 - Level 1.5 Armour
 - Level 0.7 Dodging
 - Level 2.0 Invocations


You couldn't memorise any spells.
You didn't know any spells.
Your spell library was empty.

Dungeon Overview and Level Annotations

Branches:
Dungeon (1/15)

Altars:


Innate Abilities, Weirdness & Mutations

You are completely covered in rugged brown scales. (AC +3, +7% HP)
You have supernaturally acute eyesight. (SInv)
Armour fits poorly on your strangely shaped body.
You can roll at nearby foes to attack.
You have a long armoured tail.


Message History

The ball python hisses angrily.
The bat barely misses you.
A giant cockroach comes into view.
A dart slug comes into view.
The bat hits you.
You see here a rat corpse.
The bat closely misses you. The bat attacks as you move away!
The bat hits you but does no damage. The bat hits you.
The bat attacks as you move away! The bat hits you but does no damage. x2
You hit the bat.
You kill the bat!
Lugonu accepts your kill. The gnoll hits you but does no damage.
The gnoll closely misses you.
You closely miss the gnoll. The gnoll misses you.
You hit the gnoll but do no damage.
Your tail-slap misses the gnoll.
The gnoll barely misses you.
You closely miss the gnoll. The gnoll hits you with a +0 spear!
The gnoll hits you but does no damage.
Unknown command.
You hit the gnoll but do no damage. The gnoll hits you with a +0 spear.
You slash the gnoll!
The gnoll is severely wounded.
The gnoll hits you but does no damage.
You hit the gnoll but do no damage.
The gnoll is severely wounded.
The gnoll closely misses you.
You hit the gnoll.
Your tail-slap misses the gnoll.
The gnoll is almost dead.
The gnoll hits you but does no damage.
You barely miss the gnoll.
The gnoll is almost dead.
The gnoll barely misses you.
You closely miss the gnoll.
The gnoll is almost dead.
The gnoll hits you with a +0 spear.
* * * LOW HITPOINT WARNING * * *
The gnoll hits you with a +0 spear.
You die...

...... .....# ......
.....# ......#
.....♣ ...B...
#....#.# .......
#....♣.♣. .......
#........
......w####....♣.♣#
......BSg@........#
......#####.###♣.♣.
..... #.# #.# #.#.
##.# ##.####### # #
#..###.........
#..#.†...######.
....##.#..........
......#.##...#######
####.####....#


You could see a gnoll, a dart slug, a giant cockroach and a ball python.

Vanquished Creatures
  A bat (D:1)
  A quokka (D:1)
  3 rats (D:1)
5 creatures vanquished.

Notes
Turn   | Place    | Note
-------+----------+-------------------------------------------
     0 | Abyss:1  | experimilk the Palentonga Abyssal Knight began the quest
                  | for the Orb.
     0 | Abyss:1  | Reached XP level 1. HP: 19/19 MP: 2/2
    11 | D:1      | Escaped the Abyss
   100 | D:1      | Slain by a gnoll

Illustrated notes

Levels and vault maps discovered:
D:1:      dpeg_arrival_circle_labyrinth_a, layout_rooms, serial_forest,
          infiniplex_forest_end_2, infiniplex_forest_side_room,
          infiniplex_forest_straight_5, infiniplex_forest_clump_long,
          infiniplex_forest_clump_small, infiniplex_forest_lined_2,
          infiniplex_forest_clump_tiny, minmay_statues_item

Action                   || total
-------------------------++-------
Melee: Hand axe          ||    17
 Abil: Rolling Charge    ||     1
Armor: Leather armour    ||     8
Dodge: Dodged            ||    10

Table legend: (Time is in decaauts)
 A = Elapsed time spent in this place.
 B = Non-inter-level travel time spent in this place.
 C = Inter-level travel time spent in this place.
 D = Time resting spent in this place.
 E = Time spent auto-exploring this place.
 F = Levels seen in this place.
 G = Mean time per level.
                   A        B        C        D        E       F      G
               +--------+--------+--------+--------+--------+-----+--------+
         Total |    102 |    102 |      0 |      0 |      0 |   2 |   51.0 |
       Dungeon |     91 |     91 |      0 |      0 |      0 |   1 |   91.0 |
         Abyss |     11 |     11 |      0 |      0 |      0 |   1 |   11.0 |
               +--------+--------+--------+--------+--------+-----+--------+

Top non-repeatable levels by time:
     D:1: 91 daAuts
 Abyss:1: 11 daAuts
